 Dungeon Crawl Stone Soup version 0.22-a0-354-g30dfbe6 (webtiles) character file.

35 Kairos the Covered (level 3, 29/29 HPs)
             Began as a Formicid Fighter on Apr 16, 2018.
             Got out of the dungeon alive.
             The game lasted 00:01:06 (676 turns).

Kairos the Covered (Formicid Fighter)                Turns: 676, Time: 00:01:08

Health: 29/29      AC:  7    Str: 21    XL:     3   Next: 55%
Magic:  3/3        EV:  8    Int:  7    God:
Gold:   38         SH:  9    Dex: 10    Spells: 2/2 levels left

rFire    . . .     SeeInvis +   a - +1 war axe
rCold    . . .     Gourm    +   c - +0 shield
rNeg     . . .     Faith    .   b - +0 scale mail
rPois    .         Spirit   .   (helmet unavailable)
rElec    .         Reflect  .   (no cloak)
rCorr    .         Harm     .   (no gloves)
MR       .....                  (no boots)
Stlth    ..........             g - amulet of the gourmand
HPRegen  0.09/turn              (no ring)
MPRegen  0.08/turn              (no ring)

@: no status effects
A: permanent stasis, dig shafts and tunnels, four strong arms, antennae 3
a: Dig, Shaft Self


You escaped.
You were not hungry.

You visited 1 branch of the dungeon, and saw 1 of its levels.

You collected 38 gold pieces.

Inventory:

Hand Weapons
 a - a +1 war axe (weapon)
Armour
 b - a +0 scale mail (worn)
 c - a +0 shield (worn)
Jewellery
 g - an amulet of the gourmand (around neck)
Scrolls
 i - a scroll of noise
Potions
 d - 2 potions of might
 h - a potion of degeneration
Comestibles
 f - a ration


   Skills:
 + Level 3.6 Fighting
 + Level 2.4 Axes
 + Level 4.0 Armour
 + Level 0.1 Dodging
 + Level 3.8 Shields


You had 2 spell levels left.
You didn't know any spells.

Dungeon Overview and Level Annotations

Branches:
Dungeon (1/15)

Altars:


Innate Abilities, Weirdness & Mutations

You cannot be hasted, slowed, berserked, paralysed or teleported.
You can dig through walls and to a lower floor.
Your four strong arms can wield two-handed weapons with a shield.
You have a pair of large antennae on your head. (SInv)


Message History

No target in view!
No target in view!
As you read the scroll labeled RAFOMM TIROHI, it crumbles to dust.
It is a scroll of enchant weapon.
Your +0 war axe glows red for a moment.
As you read the scroll labeled KIOQYTR YTUSM, it crumbles to dust.
You hear a loud clanging noise!
It was a scroll of noise.
As you read the scroll labeled RIHO JUMEHA, it crumbles to dust.
It is a scroll of identify.
h - a potion of degeneration
As you read the scroll labeled VUJAWNYRR, it crumbles to dust.
You hear the tinkle of a tiny bell.
It was a scroll of random uselessness.
You see here a mace.
You see here 21 stones.
There is an open door here.
There is a staircase leading out of the dungeon here.
Are you sure you want to leave the Dungeon?
This will make you lose the game!
You have escaped!

#.#..♣♣P>P♣♣..####.# #
#.##..♣♣.♣♣..#####.######
#.#♣.........♣#..........
#.#♣.♣.≈≈≈.♣.♣####.######
####.#♣..≈≈8≈≈..♣#..........
######....#♣.♣.≈≈≈.♣.♣#.....###.#
......#..##♣.........♣###...# #.#
####.###.###..♣♣.♣♣..##.....# #.#
###.## ##.#..♣♣P@P♣♣..#.....# #.#
...## ####..#####..##.#.### #.#
###.## ##.'...≈≈≈≈≈...'.#.# #.#
##.###..###############.# #.#
##.#.######..##.######.# #.#
##.#..................# #.#
#.#.#####.###..####### #.#
##.#.#####.###..# #.#
#..#............# #.#


There were no monsters in sight!

Vanquished Creatures
  A dart slug (D:1)
  5 leopard geckos (D:1)
  A giant cockroach (D:1)
  6 goblins (D:1)
  2 hobgoblins (D:1)
  2 kobolds (D:1)
  4 bats (D:1)
  A frilled lizard (D:1)
  4 rats (D:1)
26 creatures vanquished.

Notes
Turn   | Place    | Note
-------+----------+-------------------------------------------
     0 | D:1      | Kairos the Formicid Fighter began the quest for the Orb.
     0 | D:1      | Reached XP level 1. HP: 18/18 MP: 1/1
    55 | D:1      | Reached XP level 2. HP: 16/24 MP: 2/2
   328 | D:1      | Reached XP level 3. HP: 29/29 MP: 3/3
   394 | D:1      | Reached skill level 4 in Armour
   676 | D:$      | Got out of the dungeon alive.

Vault maps used:
D:1:      tarquinn_simple_flora_water_b

Skill      XL: |  1  2  3 |
---------------+----------+-----
Armour         | 4 |  4.0
Fighting       | |  3.6
Axes           | |  2.4
Dodging        | |  0.1
Shields        | |  3.8

Action                   || total
-------------------------++-------
Melee: War axe           ||    92
  Use: Scroll            ||     4
Armor: Scale mail        ||    35
Dodge: Dodged            ||    32
Block: Shield            ||    48

Table legend:
 A = Spawn XP
 B = Non-spawn XP
 C = Spawn XP percentage of total XP
 D = Spawn monster count
 E = Non-spawn monster count
 F = Spawn count percentage of total count
 G = Total turns spent on level
                    A         B        C        D         E        F      G
               +---------+---------+-------+---------+---------+-------+---------
         Total |       0 |      51 |   0.0 |       0 |      26 |   0.0 |   676
               +---------+---------+-------+---------+---------+-------+---------
           D:1 |       0 |      51 |   0.0 |       0 |      26 |   0.0 |   676
               +---------+---------+-------+---------+---------+-------+---------
